 Dungeon Crawl Stone Soup version 0.29-a0-834-g1e95ca9f62 (webtiles) character file.

Game seed: 15933188122247816782

13340 zeratav the Covert (level 12, -1/92 HPs)
             Began as an Octopode Venom Mage on July 12, 2022.
             Was an Initiate of Gozag.
             Slain by a seven-headed hydra (10 damage)
             ... on level 11 of the Dungeon.
             The game lasted 00:34:11 (18301 turns).

zeratav the Covert (Octopode Venom Mage)           Turns: 18301, Time: 00:34:12

Health: -1/92      AC: 13    Str:  7    XL:     12   Next: 5%
Magic:  7/19       EV: 16    Int: 25    God:    Gozag
Gold:   1873       SH:  0    Dex: 12    Spells: 5/21 levels left

rFire   + . .      SeeInvis +   m - +0 dagger (protect) {short}
rCold   . . .      Faith    .   (no shield)
rNeg    . . .      Spirit   .   (helmet restricted)
rPois   .          Reflect  .   d - amulet of magic regeneration {@e2}
rElec   .          Harm     .   h - ring of protection from fire
rCorr   .          Rampage  .   u - +4 ring of protection
Will    +....                   A - +4 ring of protection
Stlth   +++++.....              F - ring of see invisible
HPRegen 0.25/turn               G - ring of willpower
MPRegen 0.56/turn               H - +4 ring of protection
                                (no ring)
                                (no ring)

@: about to teleport, very slightly contaminated
A: almost no armour, amphibious, 8 rings, camouflage 1, gelatinous body 1,
(nimble swimmer 1), tentacles, tentacle spike 1, clever 1, robust 1, MP-powered
wands
a: Renounce Religion, Potion Petition, Call Merchant, Bribe Branch


You were on level 11 of the Dungeon.
You worshipped Gozag.
Gozag was most pleased with you.
You visited 2 branches of the dungeon, and saw 12 of its levels.

You collected 2016 gold pieces.
You spent 70 gold pieces at shops.
You paid 73 gold pieces to Gozag.


Innate Abilities, Weirdness & Mutations

You cannot wear most types of armour.
You are amphibious.
You can wear up to eight rings at the same time.
Your skin changes colour to match your surroundings (Stealth+).
Your rubbery body absorbs attacks. (AC +1, EV +1)
((You are camouflaged when in or above water. (Stealth+)))
You have tentacles for arms and can constrict up to eight enemies at once.
One of your tentacles bears a spike.
Your mind is acute. (Int +4, Str/Dex -1)
You are robust. (+10% HP)
You expend magic power (3 MP) to strengthen your wands.


   Skills:
 - Level 8.4 Fighting
 - Level 8.4 Dodging
 - Level 10.0 Stealth
 - Level 5.0 Spellcasting
 + Level 2.2 Conjurations
 - Level 10.0 Hexes
 - Level 1.0 Transmutations
 + Level 2.2 Earth Magic
 - Level 9.0 Poison Magic


You had 5 spell levels left.
You knew the following spells:

 Your Spells              Type           Power      Damage    Failure   Level
a - Stone Arrow           Conj/Erth      34%        3d9       10%         3
b - Poisonous Vapours     Pois/Air       56%        N/A       1%          2
c - Olgreb's Toxic Radia  Pois           50%        N/A       1%          4
d - Tukima's Dance        Hex            54%        N/A       1%          3
e - Ignite Poison         Fire/Tmut/Pois 22%        N/A       6%          3
f - Sting                 Tmut/Pois      100%       1d8       1%          1

Your spell library contained the following spells:

 Spells                   Type           Power      Damage    Failure   Level
 Portal Projectile        Hex/Tloc       62%        N/A       3%          3
 Mephitic Cloud           Conj/Pois/Air  25%        N/A       5%          3
 Gell's Gravitas          Tloc           6%         N/A       24%         3
 Lesser Beckoning         Tloc           6%         N/A       24%         3
 Teleport Other           Tloc           6%         N/A       24%         3
 Iskenderun's Battlesphe  Conj           17%        2d7       65%         5
 Blade Hands              Tmut           5%         N/A       83%         5
 Freezing Cloud           Conj/Ice/Air   5%         6-21      86%         5
 Iron Shot                Conj/Erth      8%         9d3       99%         6
 Spellforged Servitor     Conj/Summ      5%         N/A       100%        7
 Lehudib's Crystal Spear  Conj/Erth      8%         10d4      100%        8
 Animate Armour           Summ/Erth      Unusable   N/A       N/A         4

Inventory:

Hand Weapons
 m - a +0 dagger of protection (weapon) {short}
   (You took it off a kobold on level 2 of the Dungeon)
 w - a +1 dagger of electrocution {short}
   (You took it off an orc on level 9 of the Dungeon)
Armour
 B - a +0 kite shield
   (You took it off an orc on level 7 of the Dungeon)
Jewellery
 d - an amulet of magic regeneration (around mantle) {@e2}
   (You found it on level 7 of the Dungeon)
 h - a ring of protection from fire (left tentacle)
   (You found it on level 1 of the Dungeon)
 u - a +4 ring of protection (right tentacle)
   (You found it on level 5 of the Dungeon)
 A - a +4 ring of protection (on tentacle)
   (You found it on level 7 of the Dungeon)
 F - a ring of see invisible (on tentacle)
   (You found it on level 8 of the Dungeon)
 G - a ring of willpower (on tentacle)
   (You found it on level 8 of the Dungeon)
 H - a +4 ring of protection (on tentacle)
   (You found it on level 10 of the Dungeon)
Wands
 j - a wand of polymorph (8)
   (You found it on level 5 of the Dungeon)
 l - a wand of flame (19)
   (You found it on level 2 of the Dungeon)
 n - a wand of charming (5)
   (You found it on level 10 of the Dungeon)
 y - a wand of quicksilver (7)
   (You found it on level 6 of the Dungeon)
Scrolls
 b - 5 scrolls of teleportation {@r4}
 f - 3 scrolls of immolation {!r!r}
 i - 3 scrolls of enchant armour
 k - a scroll of enchant weapon
 p - a scroll of magic mapping {!r}
 s - a scroll of identify {@r1}
 v - a scroll of vulnerability {!r!r}
 x - a scroll of amnesia
 C - 2 scrolls of summoning
 E - a scroll of fog
Potions
 a - a potion of magic
 c - 2 potions of flight
 e - 2 potions of curing {@q1}
 g - 3 potions of lignification {!q}
 o - a potion of brilliance
 q - 4 potions of heal wounds {@q2}
 r - 2 potions of mutation {!q}
 t - a potion of might
 z - a potion of haste {unknown}
 D - a potion of attraction {unknown}
Miscellaneous
 I - a tin of tremorstones (2/2) {throwing}
   (You found it on level 10 of the Dungeon)

Dungeon Overview and Level Annotations

Branches:
Dungeon (11/15) Zot: 24798  Temple (1/1) D:5 Zot: 5868    Lair (0/6) D:11
    Orc (0/2) D:11

Altars:
Ashenzari
Cheibriados
Dithmenos
Elyvilon
Fedhas
Gozag
Hepliaklqana
Kikubaaqudgha
Makhleb
Nemelex Xobeh
Okawaru
Qazlal
Ru
Sif Muna
Trog
Uskayaw
Vehumet
Wu Jian
Xom
Yredelemnul
Zin
The Shining One

Shops:
D:4 *   D:9 *[

Annotations:
D:6 1 runed translucent door, exclusion: downstairs
D:7 1 runed translucent door, zeratav's ghost, novice OpVM
D:8 1 runed translucent door, exclusion: downstairs, Phlounder's ghost, journeyman DjFE
D:9 exclusion: centaur
D:10 2 transporters, exclusion: 2 downstairs, spaghetti's ghost, journeyman GnBe

##.....## . ..^.....#
#.....# #.......>.......
#.....# #..... .....P
#.....###....♣♣.......
###...................
#....#...........P..
#######.#............P....
#.....#........#...$♣.P..#
#.....###..#@D.......P.#
#.....#.....###...(....#
#...........###..<.(##....
#.....#............## ##
#.....#......#######
#.....#.....##
#.....#.....#
#######.....# #.....#


You could see a seven-headed hydra.


Message History

You take 8 damage, and now have 82/92 hp.
Casting: Stone Arrow (dangerous; 10% risk of failure)
Confirm with . or Enter, or press ? or * to list all spells.
Aiming: Stone Arrow (dangerous; 10% risk of failure)
Press: ? - help, Shift-Dir - straight line, f/p - seven-headed hydra
Aim: a seven-headed hydra (moderately wounded, 89% to hit)
The stone arrow misses the seven-headed hydra.
The seven-headed hydra misses you. The seven-headed hydra bites you!
The seven-headed hydra bites you. x2
The seven-headed hydra bites you but does no damage.
The seven-headed hydra bites you!
The seven-headed hydra bites you but does no damage.
HP[-20] MP[-2]
You take 20 damage, and now have 62/92 hp.
MASSIVE DAMAGE!! (PAUSE)
You lost 2 mp, and now have 13/19 mp.
Casting: Stone Arrow (dangerous; 10% risk of failure)
Confirm with . or Enter, or press ? or * to list all spells.
Aiming: Stone Arrow (dangerous; 10% risk of failure)
Press: ? - help, Shift-Dir - straight line, f/p - seven-headed hydra
Aim: a seven-headed hydra (moderately wounded, 89% to hit)
The stone arrow hits the seven-headed hydra.
The seven-headed hydra bites you but does no damage.
The seven-headed hydra bites you.
The seven-headed hydra bites you but does no damage.
The seven-headed hydra bites you!
The seven-headed hydra bites you but does no damage. x3
HP[-10] MP[-3]
You take 10 damage, and now have 52/92 hp.
You lost 3 mp, and now have 10/19 mp.
You hit the seven-headed hydra.
You pierce the seven-headed hydra.
The seven-headed hydra bites you!
* * * LOW HITPOINT WARNING * * *
The seven-headed hydra bites you.
* * * LOW HITPOINT WARNING * * *
The seven-headed hydra bites you.
* * * LOW HITPOINT WARNING * * *
The seven-headed hydra barely misses you.
The seven-headed hydra closely misses you. x2
The seven-headed hydra bites you!
* * * LOW HITPOINT WARNING * * *
HP[-21] MP[+1]
You take 21 damage, and now have 31/92 hp.
MASSIVE DAMAGE!! (PAUSE)
As you read the scroll of teleportation {@r4}, it crumbles to dust.
You feel strangely unstable.
The seven-headed hydra bites you but does no damage. x2
The seven-headed hydra closely misses you.
The seven-headed hydra barely misses you.
The seven-headed hydra bites you but does no damage. x2
The seven-headed hydra bites you!
* * * LOW HITPOINT WARNING * * *
HP[-8]
You take 8 damage, and now have 23/92 hp.
Casting: Stone Arrow (dangerous; 10% risk of failure)
Confirm with . or Enter, or press ? or * to list all spells.
Aiming: Stone Arrow (dangerous; 10% risk of failure)
Press: ? - help, Shift-Dir - straight line, f/p - seven-headed hydra
Aim: a seven-headed hydra (moderately wounded, 89% to hit)
You miscast Stone Arrow.
You are very lightly contaminated with residual magic.
Nothing appears to happen.
The seven-headed hydra misses you. The seven-headed hydra bites you.
* * * LOW HITPOINT WARNING * * *
The seven-headed hydra bites you.
* * * LOW HITPOINT WARNING * * *
The seven-headed hydra misses you.
The seven-headed hydra bites you but does no damage.
The seven-headed hydra barely misses you. x2
HP[-4] MP[-2]
You take 4 damage, and now have 19/92 hp.
You lost 2 mp, and now have 9/19 mp.
Casting: Stone Arrow (dangerous; 10% risk of failure)
Confirm with . or Enter, or press ? or * to list all spells.
Aiming: Stone Arrow (dangerous; 10% risk of failure)
Press: ? - help, Shift-Dir - straight line, f/p - seven-headed hydra
Aim: a seven-headed hydra (moderately wounded, 89% to hit)
The stone arrow hits the seven-headed hydra!
The seven-headed hydra bites you but does no damage.
The seven-headed hydra bites you!
* * * LOW HITPOINT WARNING * * *
The seven-headed hydra bites you but does no damage.
The seven-headed hydra barely misses you.
The seven-headed hydra closely misses you.
The seven-headed hydra bites you but does no damage.
The seven-headed hydra bites you!
* * * LOW HITPOINT WARNING * * *
HP[-18] MP[-3]
You take 18 damage, and now have 1/92 hp.
You lost 3 mp, and now have 6/19 mp.
You feel much better.
The seven-headed hydra barely misses you.
The seven-headed hydra bites you but does no damage.
The seven-headed hydra misses you.
The seven-headed hydra closely misses you. x2
The seven-headed hydra bites you!
* * * LOW HITPOINT WARNING * * *
The seven-headed hydra bites you!
You die...
Your body crumbles into a pile of gold.

Skill      XL: |  1  2  3  4  5  6  7  8  9 10 11 12 |
---------------+-------------------------------------+-----
Stealth        | 3 4 5 9 10 | 10.0
Poison Magic   | 4 6 7 8 9 |  9.0
Fighting       | 3 5 8 |  8.4
Dodging        | 3 5 8 |  8.4
Hexes          | 4 7 10 | 10.0
Spellcasting   | 3 5 |  5.0
Conjurations   | 1 2 |  2.2
Earth Magic    | 1 2 |  2.2
Transmutations | |  1.0

Action                   |  1- 3 |  4- 6 |  7- 9 | 10-12 || total
-------------------------+-------+-------+-------+-------++-------
Melee: Unarmed           |     6 |       |    11 |    20 ||    37
       Constrict         |    11 |    26 |    18 |    26 ||    81
       Dagger            |    33 |   118 |   221 |   261 ||   633
       Tentacles         |     8 |    25 |    61 |    66 ||   160
       Punch             |     1 |     1 |     2 |     1 ||     5
       Kick              |       |       |       |    90 ||    90
 Cast: Sting             |    52 |    35 |    63 |    19 ||   169
       Poisonous Vapours |       |    17 |    37 |     3 ||    57
       Olgreb's Toxic Ra |       |       |    10 |   109 ||   119
       Tukima's Dance    |       |       |       |    15 ||    15
       Ignite Poison     |       |       |       |     6 ||     6
       Stone Arrow       |       |       |       |     7 ||     7
Evoke: Wand              |       |       |    10 |     3 ||    13
  Use: Potion            |       |       |     4 |     4 ||     8
       Scroll            |       |       |    12 |     7 ||    19
 Stab: Sleeping          |     9 |    11 |     4 |     2 ||    26
       Distracted        |       |     2 |     2 |     1 ||     5
Armor: Skin              |     7 |    46 |    93 |   189 ||   335
Dodge: Dodged            |    41 |   110 |   180 |   261 ||   592

Levels and vault maps discovered:
D:1:      arrival_aquarium_a, layout_basic
D:2:      layout_basic, hellmonk_ecumenical_altar_run_dry, minivault_25
D:3:      layout_basic, minmay_between
D:4:      layout_loops_ring, nicolae_stop_n_shop_1, hex_large,
          minmay_mini_ossuary
D:5:      layout_basic, ashenzari_altar_1, minmay_temple_entry_sparse_star,
          grunt_decor_resistance, minmay_holes, minmay_ruined_shrine,
          uniq_menkaure
D:6:      lemuel_insect_pit, layout_loops_corners, lightli_sewer_entry_pipes,
          uniq_prince_ribbit1
D:7:      layout_loops_ring, grunt_dithmenos_shadows, ebering_ghost_inner_flame,
          kennysheep_nondescript, hangedman_minor_gate_pass
D:8:      layout_basic, mainiacjoe_overflow_two_lobes,
          ebering_ghost_reflecting_pool, serial_corexii_hall,
          corexii_hall_statues_t, corexii_hall_statues_l, skrybe_limestone_x,
          fountainhead
D:9:      layout_loops_cross, serial_shops, shop, nicolae_diamond_shop
D:10:     layout_rooms, serial_bayou, serial_bayou_shore_b,
          serial_bayou_lagoon_a, serial_bayou_crossing, serial_bayou_pond_d,
          gammafunk_ghost_stat_death
D:11:     layout_rooms, minmay_lair_entry_grove, orc_0_dummy,
          amcnicky_mini_pool_small, uniq_harold
Temple:   mainiacjoe_temple_coin_purse

Notes
Turn   | Place    | Note
-------+----------+-------------------------------------------
     0 | D:1      | zeratav the Octopode Venom Mage began the quest for the
                  | Orb.
     0 | D:1      | Reached XP level 1. HP: 11/11 MP: 3/3
     0 | D:1      | magus.rc [v1.9.6]
     2 | D:1      | Noticed an electric eel
   344 | D:1      | Reached skill level 3 in Stealth
   463 | D:1      | Reached XP level 2. HP: 17/17 MP: 0/5
   524 | D:1      | Reached skill level 4 in Poison Magic
  1329 | D:1      | Reached XP level 3. HP: 21/21 MP: 6/6
  1382 | D:2      | Reached skill level 4 in Stealth
  2094 | D:2      | Found a faded altar of an unknown god.
  2267 | D:3      | magus.rc [v1.9.6]
  2549 | D:3      | Reached XP level 4. HP: 27/27 MP: 7/7
  2901 | D:3      | Reached skill level 5 in Poison Magic
  3074 | D:3      | You pick up a book of Weapons and begin reading...
  3074 | D:3      | You add the spells Tukima's Dance, Portal Projectile and
                  | Blade Hands to your library.
  3206 | D:3      | Reached skill level 5 in Stealth
  4174 | D:4      | Noticed an ogre
  4190 | D:4      | Learned a level 2 spell: Poisonous Vapours
  4195 | D:4      | Learned a level 4 spell: Olgreb's Toxic Radiance
  4372 | D:4      | Killed an ogre
  4373 | D:4      | Reached skill level 6 in Poison Magic
  4373 | D:4      | Reached XP level 5. HP: 31/31 MP: 1/8
  4553 | D:4      | Found Lerchopte's General Store.
  4561 | D:4      | Bought a potion of curing for 42 gold pieces
  4578 | D:4      | Reached skill level 7 in Poison Magic
  4578 | D:4      | Reached XP level 6. HP: 33/36 MP: 9/9
  5015 | D:5      | Entered Level 5 of the Dungeon
  5520 | D:5      | Found a broken altar of Ashenzari.
  5604 | D:5      | HP: 9/36 [gnoll bouda/+0 whip (12)]
  5913 | D:5      | Reached skill level 8 in Poison Magic
  6053 | D:5      | Reached XP level 7. HP: 41/41 MP: 1/10
  6657 | D:5      | Found a staircase to the Ecumenical Temple.
  6668 | Temple   | Entered the Ecumenical Temple
  6790 | Temple   | Became a worshipper of Gozag Ym Sagoz the Greedy
  6828 | D:5      | Reached skill level 9 in Poison Magic
  6828 | D:5      | Reached skill level 1 in Fighting
  6877 | D:5      | Noticed Menkaure
  7034 | D:5      | Found a hazy altar of Hepliaklqana.
  7067 | D:4      | HP: 9/44 [water moccasin (6)]
  7074 | D:4      | HP: 8/44 [water moccasin (2)]
  7078 | D:4      | Reached skill level 2 in Fighting
  7078 | D:4      | Reached skill level 3 in Dodging
  7499 | D:5      | Reached skill level 3 in Fighting
  7499 | D:5      | Reached XP level 8. HP: 52/52 MP: 2/11
  7678 | D:5      | Killed Menkaure
  7679 | D:5      | Reached skill level 4 in Dodging
  7846 | D:5      | You pick up a book of Displacement and begin reading...
  7846 | D:5      | You add the spells Lesser Beckoning, Gell's Gravitas and
                  | Teleport Other to your library.
  8454 | D:6      | Reached skill level 4 in Fighting
  8548 | D:6      | Found a runed translucent door.
  8549 | D:6      | Found a runed translucent door.
  8822 | D:6      | Reached skill level 5 in Dodging
  8873 | D:6      | Noticed Prince Ribbit
  8891 | D:6      | Killed Prince Ribbit
  8892 | D:6      | Reached skill level 5 in Fighting
  8892 | D:6      | Reached skill level 2 in Hexes
  9369 | D:6      | Reached skill level 3 in Hexes
  9738 | D:6      | Reached skill level 4 in Hexes
  9738 | D:6      | Reached XP level 9. HP: 35/61 MP: 7/12
  9739 | D:6      | Reached skill level 5 in Hexes
 10067 | D:7      | Reached skill level 6 in Stealth
 10086 | D:7      | Reached skill level 6 in Hexes
 10401 | D:7      | Reached skill level 7 in Stealth
 10737 | D:7      | Reached skill level 8 in Stealth
 10737 | D:7      | Reached skill level 7 in Hexes
 10882 | D:7      | Found a runed translucent door.
 10882 | D:7      | Noticed zeratav's ghost (novice OpVM)
 10907 | D:7      | HP: 12/61 [wraith (11)]
 10920 | D:7      | HP: 11/61 [bullfrog (5)]
 11454 | D:7      | Reached skill level 9 in Stealth
 11454 | D:7      | Reached XP level 10. HP: 54/66 MP: 13/13
 11840 | D:7      | Found a shadowy altar of Dithmenos.
 11968 | D:7      | You pick up a book of Power and begin reading...
 11968 | D:7      | You add the spells Iskenderun's Battlesphere, Iron Shot and
                  | Spellforged Servitor to your library.
 11997 | D:7      | Reached skill level 8 in Hexes
 12572 | D:8      | Reached skill level 10 in Stealth
 12682 | D:8      | Learned a level 3 spell: Tukima's Dance
 12794 | D:8      | Identified the +1 pair of boots of Hodeiren {Str+5}
 13218 | D:8      | Found a basalt altar of Yredelemnul.
 13323 | D:8      | Found a bloodstained altar of Trog.
 13388 | D:8      | Found a runed translucent door.
 13389 | D:8      | Noticed Phlounder's ghost (journeyman DjFE)
 13514 | D:9      | Found Fecen's Assorted Antiques.
 13514 | D:9      | Found Fixuq's Antique Armour Shoppe.
 13521 | D:9      | Bought a scroll labelled EHYDGH CYUQOR for 28 gold pieces
 13598 | D:9      | Reached skill level 9 in Hexes
 14122 | D:9      | Reached skill level 10 in Hexes
 14617 | D:9      | You add the spells Ignite Poison and Freezing Cloud to your
                  | library.
 14696 | D:9      | Gained mutation: Your mind is acute. (Int +4, Str/Dex -1)
                  | [potion of mutation]
 14696 | D:9      | Gained mutation: One of your tentacles bears a spike.
                  | [potion of mutation]
 14696 | D:9      | Gained mutation: You are robust. (+10% HP) [potion of
                  | mutation]
 14696 | D:9      | Gained mutation: You expend magic power (3 MP) to
                  | strengthen your wands. [potion of mutation]
 15133 | D:10     | Entered Level 10 of the Dungeon
 15154 | D:10     | You pick up a book of Armaments and begin reading...
 15154 | D:10     | You add the spells Stone Arrow and Lehudib's Crystal Spear
                  | to your library.
 15201 | D:10     | Reached skill level 3 in Spellcasting
 15244 | D:10     | Reached XP level 11. HP: 79/79 MP: 4/16
 15248 | D:10     | Reached skill level 6 in Fighting
 15248 | D:10     | Reached skill level 6 in Dodging
 15326 | D:10     | Found a transporter.
 15334 | D:10     | Noticed spaghetti's ghost (journeyman GnBe)
 15342 | D:10     | Found a transporter.
 15421 | D:10     | Noticed a two-headed ogre
 15444 | D:10     | Killed a two-headed ogre
 15445 | D:10     | Reached skill level 4 in Spellcasting
 16111 | D:11     | Noticed a two-headed ogre
 16140 | D:11     | Noticed a boulder beetle
 16194 | D:11     | Noticed Harold
 16461 | D:11     | Killed a boulder beetle
 16462 | D:11     | Reached skill level 7 in Fighting
 16462 | D:11     | Reached skill level 7 in Dodging
 16462 | D:11     | Reached skill level 5 in Spellcasting
 16726 | D:10     | HP: 17/82 [yak (7)]
 16729 | D:10     | HP: 4/82 [wyvern (13)]
 17112 | D:11     | Killed a two-headed ogre
 17168 | D:11     | Reached skill level 8 in Dodging
 17205 | D:11     | Noticed a seven-headed hydra
 17226 | D:10     | Learned a level 3 spell: Ignite Poison
 17260 | D:11     | Reached skill level 8 in Fighting
 17593 | D:11     | HP: 20/84 [seven-headed hydra (12)]
 17930 | D:11     | Killed Harold
 18040 | D:11     | Reached skill level 1 in Conjurations
 18040 | D:11     | Reached skill level 1 in Earth Magic
 18040 | D:11     | Reached XP level 12. HP: 69/92 MP: 6/19
 18042 | D:11     | Found a staircase to the Lair.
 18135 | D:10     | Learned a level 3 spell: Stone Arrow
 18173 | D:11     | Found a staircase to the Orcish Mines.
 18209 | D:11     | Reached skill level 2 in Conjurations
 18209 | D:11     | Reached skill level 2 in Earth Magic
 18298 | D:11     | HP: 23/92 [seven-headed hydra (8)]
 18300 | D:11     | HP: 11/92 [seven-headed hydra (8)]
 18300 | D:11     | HP: 1/92 [seven-headed hydra (10)]
 18301 | D:11     | Slain by a seven-headed hydra

Vanquished Creatures
  Harold (D:11)
  A boulder beetle (D:11)
  A two-headed ogre (D:10)
  An unseen horror (D:11)
  2 komodo dragons (D:11)
  A hornet (D:10)
  A troll (D:11)
  Prince Ribbit (D:6)
  3 wraiths
  18 yaks
  A shadow (D:10)
  5 wyverns
  A basilisk (D:11)
  A steam dragon (D:7)
  Menkaure (D:5)
  5 water moccasins
  2 orc warriors
  2 sky beasts
  3 black bears (D:11)
  2 ice beasts (D:7)
  2 ogres
  4 centaurs
  2 wolves (D:11)
  3 phantoms
  2 kobold brigands
  6 bullfrogs
  A necrophage (D:5)
  11 scorpions
  3 wights (D:7)
  8 killer bees
  A howler monkey (D:4)
  3 electric eels
  3 jellies
  3 gnoll boudas
  2 hounds
  7 orc priests
  5 orc wizards
  A mummy (D:4)
  13 gnolls
  10 adders
  3 shadow imps
  A white imp (D:7)
  An ufetubus (D:5)
  3 worms
  38 orcs
  7 bats
  3 endoplasms
  11 giant cockroaches
  5 goblins
  7 hobgoblins
  6 jackals
  4 quokkas
  4 ball pythons
  5 frilled lizards
  2 hobgoblin zombies (D:4)
  13 kobolds
  2 orc zombies (D:4)
  12 rats
  A butterfly (D:6)
271 creatures vanquished.

Vanquished Creatures (collateral kills)
  A two-headed ogre (D:11)
  4 wights (D:10)
  2 orcs (D:10)
7 creatures vanquished.

Vanquished Creatures (others)
  3 bushes (D:11)
  4 fungi (D:11)
  23 plants
30 creatures vanquished.

Grand Total: 308 creatures vanquished

Table legend:
 A = Non-vault XP
 B = Vault XP
 C = Vault XP percentage of total XP
 D = Non-vault monster count
 E = Vault monster count
 F = Vault count percentage of total count
                 A         B        C        D         E       F
            +---------+---------+-------+---------+---------+-------
      Total |   14129 |    4929 |  25.9 |     216 |      61 |  22.0
            +---------+---------+-------+---------+---------+-------
        D:1 |      34 |       0 |   0.0 |      21 |       0 |   0.0
        D:2 |      39 |       0 |   0.0 |      18 |       0 |   0.0
        D:3 |      47 |       3 |   6.0 |      17 |       3 |  15.0
        D:4 |     231 |     184 |  44.3 |      20 |       7 |  25.9
        D:5 |     551 |     344 |  38.4 |      19 |       6 |  24.0
        D:6 |     517 |    1094 |  67.9 |      10 |      21 |  67.7
        D:7 |    1771 |     387 |  17.9 |      22 |      10 |  31.2
        D:8 |     965 |       0 |   0.0 |      20 |       0 |   0.0
        D:9 |    2099 |       0 |   0.0 |      31 |       0 |   0.0
       D:10 |    3601 |     532 |  12.9 |      23 |       3 |  11.5
       D:11 |    4274 |    2385 |  35.8 |      15 |      11 |  42.3
            +---------+---------+-------+---------+---------+-------

Illustrated notes

Table legend:
 A = Kills in this place as a percentage of kills in entire the game.
 B = Kills by you in this place as a percentage of kills by you in the entire game.
 C = Kills by friends in this place as a percentage of kills by friends in the entire game.
 D = Other kills in this place as a percentage of other kills in the entire game.
 E = Experience gained in this place as a percentage of experience gained in the entire game.
 F = Experience gained in this place divided by the number of levels of this place that you have seen.
                   A       B       C       D       E      F
               +-------+-------+-------+-------+-------+----------------------
         Total | 100.0 | 100.0 | 100.0 |   N/A | 100.0 | 1588.2
       Dungeon | 100.0 | 100.0 | 100.0 |   N/A | 100.0 | 1732.5
               +-------+-------+-------+-------+-------+----------------------

Table legend: (Time is in decaauts)
 A = Elapsed time spent in this place.
 B = Non-inter-level travel time spent in this place.
 C = Inter-level travel time spent in this place.
 D = Time resting spent in this place.
 E = Time spent auto-exploring this place.
 F = Levels seen in this place.
 G = Mean time per level.
                   A        B        C        D        E       F      G
               +--------+--------+--------+--------+--------+-----+--------+
         Total |  18352 |  17701 |    651 |   5247 |   9337 |  12 | 1529.3 |
       Dungeon |  18221 |  17600 |    621 |   5247 |   9251 |  11 | 1656.5 |
        Temple |    131 |    101 |     30 |      0 |     86 |   1 |  131.0 |
               +--------+--------+--------+--------+--------+-----+--------+

Top non-repeatable levels by time:
    D:10: 2636 daAuts
     D:5: 2271 daAuts
     D:4: 2251 daAuts
     D:6: 2139 daAuts
     D:7: 1859 daAuts
     D:8: 1505 daAuts
     D:9: 1429 daAuts
     D:1: 1351 daAuts
     D:3: 1308 daAuts
     D:2: 913 daAuts
    D:11: 555 daAuts
  Temple: 131 daAuts
